Map: Romanticide LE

Players

LiquidClem (Clem) - Winner!

  • Race: Terran Terran
  • League: Bronze

HAS

  • Race: Protoss Protoss

Event: TSL 7

VOD

Have the link to the VOD?

Description

Time

  • Played on: June 12, 2021, 11:29 a.m.
  • Length: 12:18

All games in this series

Show
View Real Time Build Order
Export as new Build Order

LiquidClem Terran - Winner!

Build Orders:  

Get SALT Encoding   

  12  0:00  SCV  
  13  0:12  SCV  
  14  0:17  Supply Depot  
  14  0:24  SCV  
  15  0:38  SCV  
  15  0:39  Barracks  
  16  0:43  Refinery  
  16  0:51  SCV  
  17  1:03  SCV  
  18  1:15  SCV  
  19  1:26  Marine  
  19  1:27  Orbital Command  
  20  1:44  Command Center  
  20  1:46  Barracks Reactor  
  20  1:54  SCV  
  21  1:56  Supply Depot  
  21  2:06  SCV  
  22  2:10  Factory  
  22  2:18  SCV  
  23  2:23  Marine x2  
  25  2:30  SCV  
  25  2:31  Refinery  
  26  2:41  Marine x2  
  26  2:42  SCV  
  29  2:54  SCV  
  29  2:55  Starport  
  29  2:56  Orbital Command  
  29  2:57  Widow Mine  
  31  3:03  Marine x2  
  33  3:06  SCV  
  34  3:19  Factory Tech Lab  
  34  3:20  SCV  
  34  3:21  Marine x2  
  34  3:22  SCV  
  38  3:28  Supply Depot  
  38  3:32  SCV  
  39  3:34  SCV  
  39  3:35  Medivac  
  39  3:38  Marine  
  39  3:40  Cyclone  
  46  3:49  SCV x2  
  46  3:50  Supply Depot  
  48  3:56  Marine x2  
  48  4:01  SCV x2  
  52  4:03  Supply Depot  
  52  4:13  SCV x2, Barracks  
  52  4:14  Raven  
  56  4:18  Marine x2  
  56  4:20  Factory Tech Lab  
  56  4:23  Barracks  
  58  4:26  SCV  
  58  4:27  SCV  
  60  4:32  Bunker  
  60  4:37  Engineering Bay  
  60  4:38  SCV  
  60  4:40  SCV  
  61  4:46  Refinery  
  61  4:49  Factory Reactor  
  61  4:50  SCV  
  61  4:52  Marine x2  
  64  4:53  SCV  
  64  4:58  Supply Depot  
  65  5:04  SCV  
  66  5:07  SCV  
  66  5:08  Refinery, Starport Reactor, Terran Infantry Weapons Level 1  
  66  5:09  Marine  
  66  5:11  Marine x2  
  70  5:19  Stimpack  
  70  5:20  SCV  
  70  5:21  SCV, Supply Depot  
  72  5:23  Marauder  
  72  5:26  Combat Shield  
  74  5:30  Marauder  
  74  5:31  Marine, Supply Depot  
  74  5:34  Marine  
  77  5:40  Supply Depot  
  77  5:43  Widow Mine x2  
  77  5:45  Marauder  
  77  5:49  Marine  
  83  5:51  Marauder  
  83  5:52  Marine  
  83  5:54  Medivac, Supply Depot  
  88  5:57  SCV  
  88  5:58  SCV  
  88  5:59  Supply Depot  
  90  6:06  Marauder  
  90  6:07  Marine  
  90  6:09  Widow Mine x2  
  90  6:10  Marine  
  98  6:13  Marauder  
  98  6:14  Supply Depot  
  100  6:22  Medivac  
  100  6:25  Marine, Supply Depot  
  102  6:28  Marauder, Marine, Medivac  
  107  6:34  Marauder  
  107  6:38  SCV x2  
  111  6:46  Command Center  
  111  6:49  Marauder, Concussive Shells  
  111  6:50  Marine x2  
  111  6:53  Widow Mine  
  117  6:55  Widow Mine  
  117  7:03  Marauder  
  117  7:04  Medivac  
  114  7:10  SCV, Marauder  
  114  7:14  Marine, Medivac  
  114  7:15  Marine  
  99  7:16  SCV  
  99  7:22  SCV, Terran Infantry Armor Level 1  
  97  7:23  Widow Mine  
  97  7:24  Widow Mine  
  99  7:30  SCV  
  99  7:31  Armory  
  99  7:32  Marauder  
  99  7:34  SCV  
  103  7:37  Marine x2  
  103  7:40  Marauder  
  107  7:46  Barracks  
  107  7:47  Barracks  
  107  7:52  Widow Mine x2  
  107  7:53  SCV  
  107  7:54  SCV  
  107  7:56  Marine  
  107  7:57  Marauder, Marine  
  117  8:01  Orbital Command  
  117  8:05  SCV  
  117  8:07  Medivac  
  117  8:08  Medivac  
  117  8:12  SCV, Marauder  
  123  8:17  Marine  
  123  8:19  Marauder  
  124  8:21  Widow Mine x2, SCV  
  124  8:23  Supply Depot  
  129  8:28  SCV  
  129  8:29  Marine  
  129  8:32  Ghost Academy  
  129  8:33  Supply Depot  
  129  8:34  Marauder  
  133  8:35  Barracks Reactor, Barracks Tech Lab  
  133  8:36  SCV, Supply Depot  
  133  8:37  Marine  
  133  8:40  Marauder  
  133  8:41  SCV  
  138  8:47  Widow Mine x2, Supply Depot  
  142  8:48  Medivac x2  
  142  8:49  Marine  
  142  8:50  SCV  
  142  8:52  SCV, Missile Turret  
  142  8:55  SCV, Marauder  
  152  8:58  Marine  
  152  9:01  Ghost  
  152  9:02  Supply Depot  
  154  9:03  Ghost  
  154  9:04  SCV  
  154  9:08  Refinery  
  155  9:12  Command Center  
  155  9:16  Marine x4, Supply Depot  
  159  9:20  Ghost  
  159  9:24  Widow Mine x2  
  163  9:26  Refinery  
  162  9:32  Marauder x2, Missile Turret, Supply Depot  
  162  9:36  Marine x2  
  162  9:37  Marine x2  
  170  9:41  SCV x3  
  170  9:42  Supply Depot  
  170  9:45  Terran Infantry Weapons Level 2  
  173  9:48  Engineering Bay  
  173  9:53  Widow Mine x2  
  173  9:55  Marine x2  
  173  9:57  Ghost  
  181  10:03  Ghost, Marine  
  181  10:04  Marauder  
  181  10:07  Marine  
  186  10:17  Marine x2  
  186  10:18  Widow Mine x2  
  186  10:20  SCV x2  
  193  10:22  Marine, Medivac  
  193  10:25  Marauder  
  193  10:26  Marauder  
  194  10:29  Marine  
  194  10:32  Marauder  
  194  10:35  Viking  
  193  10:38  Marine x2  
  193  10:39  Widow Mine  
  193  10:40  Marine  
  186  10:45  SCV x2  
  186  10:46  Marauder  
  186  10:47  Marine  
  173  10:52  Marine  
  173  10:53  Widow Mine  
  173  10:54  Marauder, Viking  
  178  10:59  SCV x2  
  178  11:02  Marine x2  
  181  11:06  Marine  
  181  11:08  Widow Mine  
  174  11:12  Liberator  
  174  11:14  Marine  
  165  11:19  Marauder  
  165  11:20  Marauder  
  165  11:22  SCV  
  165  11:24  Planetary Fortress  
  165  11:25  SCV  
  169  11:28  Missile Turret  
  169  11:29  SCV  
  169  11:30  Marine  
  169  11:31  Marine  
  162  11:34  Marine  
  162  11:35  SCV, Marine  
  165  11:41  Widow Mine  
  165  11:46  Marauder x2  
  169  11:47  Widow Mine  
  169  11:50  SCV x2  
  169  11:51  Refinery, Marine  
  169  11:52  Refinery, Marine  
  175  11:54  Marine  
Show
View Real Time Build Order
Export as new Build Order

HAS Protoss 

Build Orders: 1 Gate Expand, Double Forge, Blink Stalkers 

Get SALT Encoding   

  12  0:00  Probe  
  13  0:12  Probe  
  14  0:19  Pylon  
  14  0:24  Probe  
  15  0:37  Gateway  
  15  0:39  Probe (Chrono Boost)  
  16  0:45  Assimilator  
  16  0:49  Probe (Chrono Boost)  
  17  0:54  Probe (Chrono Boost)  
  18  1:06  Probe  
  19  1:18  Probe  
  20  1:25  Nexus  
  20  1:33  Cybernetics Core  
  20  1:36  Probe  
  21  1:42  Assimilator  
  21  1:48  Probe  
  21  1:52  Pylon  
  22  2:01  Probe  
  23  2:07  Adept (Chrono Boost)  
  23  2:11  Warp Gate  
  23  2:13  Probe  
  26  2:25  Probe  
  26  2:30  Stalker  
  26  2:37  Twilight Council  
  28  2:40  Probe (Chrono Boost)  
  28  2:42  Probe (Chrono Boost)  
  32  2:52  Probe (Chrono Boost)  
  32  2:53  Probe (Chrono Boost)  
  32  2:57  Probe (Chrono Boost)  
  32  3:02  Stalker  
  32  3:05  Probe (Chrono Boost)  
  36  3:08  Probe (Chrono Boost)  
  37  3:14  Gateway, Blink (Chrono Boost)  
  37  3:16  Probe x2 (Chrono Boost)  
  39  3:24  Probe (Chrono Boost)  
  41  3:30  Probe (Chrono Boost)  
  41  3:36  Probe (Chrono Boost)  
  41  3:39  Probe (Chrono Boost)  
  41  3:41  Probe (Chrono Boost)  
  41  3:44  Pylon  
  42  3:49  Probe  
  42  3:51  Nexus  
  42  3:54  Probe  
  44  3:58  Pylon  
  44  4:00  Stalker  
  46  4:05  Probe  
  46  4:06  Probe  
  48  4:11  Stalker  
  50  4:17  Probe  
  50  4:21  Probe  
  50  4:22  Forge  
  52  4:24  Forge  
  52  4:29  Probe, Pylon  
  52  4:30  Sentry  
  55  4:35  Stalker  
  55  4:36  Probe  
  58  4:42  Probe  
  58  4:45  Pylon  
  59  4:48  Probe  
  60  4:54  Probe  
  60  4:57  Protoss Ground Armor Level 1 (Chrono Boost)  
  60  4:58  Stalker  
  60  4:59  Stalker  
  65  5:00  Probe  
  65  5:04  Pylon  
  65  5:05  Protoss Ground Weapons Level 1 (Chrono Boost)  
  65  5:07  Probe x2  
  67  5:12  Probe  
  69  5:19  Probe x2  
  71  5:23  Gateway  
  71  5:24  Probe, Gateway  
  71  5:25  Gateway  
  71  5:28  Gateway  
  72  5:31  Charge (Chrono Boost)  
  72  5:33  Probe  
  73  5:36  Probe x2  
  73  5:37  Pylon  
  75  5:45  Probe  
  75  5:48  Probe  
  75  5:49  Stalker x2  
  81  5:54  Probe  
  82  5:57  Gateway  
  82  6:04  Probe  
  82  6:06  Nexus  
  82  6:07  Pylon  
  82  6:08  Pylon  
  83  6:13  Zealot x2  
  83  6:15  Pylon  
  87  6:23  Zealot x4  
  93  6:39  Zealot x2  
  96  6:44  Stalker x4  
  99  6:47  Probe  
  99  6:48  Probe x2  
  102  7:00  Zealot x2  
  102  7:01  Zealot  
  92  7:09  Zealot x4  
  92  7:11  Probe  
  92  7:13  Probe  
  96  7:16  Probe  
  96  7:19  Protoss Ground Weapons Level 2 (Chrono Boost), Protoss Ground Armor Level 2 (Chrono Boost)  
  97  7:24  Probe  
  97  7:25  Probe x2  
  97  7:28  Probe  
  99  7:31  Shield Battery  
  99  7:33  Zealot x4  
  99  7:34  Zealot x3  
  99  7:36  Probe  
  114  7:37  Probe x2  
  114  7:38  Robotics Facility  
  114  7:42  Probe  
  114  7:43  Shield Battery  
  117  7:45  Shield Battery  
  117  7:48  Probe  
  117  7:49  Gateway  
  119  7:52  Probe, Gateway  
  119  7:55  Gateway  
  119  7:58  Stalker x3  
  125  8:04  Probe x2  
  127  8:07  Probe  
  127  8:09  Stalker  
  127  8:10  Stalker  
  129  8:17  Probe  
  129  8:19  Stalker  
  125  8:27  Probe  
  126  8:29  Zealot x4  
  126  8:32  Photon Cannon  
  134  8:36  Probe  
  136  8:41  Observer (Chrono Boost)  
  136  8:44  Probe  
  136  8:47  Probe x2  
  136  8:48  Probe  
  134  8:52  Nexus  
  133  8:58  Zealot x3  
  133  9:02  Pylon x2  
  139  9:04  Probe  
  139  9:06  Pylon  
  140  9:11  Pylon  
  140  9:12  Pylon  
  140  9:18  Probe x3, Pylon  
  140  9:19  Probe  
  137  9:24  Warp Prism (Chrono Boost)  
  137  9:30  Probe x3  
  137  9:31  Probe  
  142  9:33  Assimilator  
  142  9:35  Assimilator  
  142  9:37  Photon Cannon  
  142  9:38  Photon Cannon  
  142  9:40  Shield Battery  
  142  9:42  Probe  
  143  9:45  Zealot x3  
  143  9:46  Zealot x7  
  143  9:48  Pylon  
  145  10:08  Zealot x6  
  145  10:09  Zealot  
  145  10:12  Zealot x3  
  141  10:37  Zealot x2  
  141  10:38  Zealot x8  
  135  10:47  Probe  
  104  10:57  Probe  
  104  10:58  Stalker x4  
  104  10:59  Stalker x6  
  101  11:17  Probe  
  88  11:31  Observer (Chrono Boost)  
  88  11:32  Zealot  
  88  11:33  Zealot x9  
  88  11:39  Probe x4  
  112  11:44  Observer (Chrono Boost)  
  110  11:51  Probe  
  111  11:57  Nexus  
Tags
 
Add a new tag
Caveats
  • Supply blocks, unpowered buildings, or Contaminate may cause inaccurate times.
  • Supply counts are checked every 10 seconds.